 Dungeon Crawl Stone Soup version 0.18-a0-1784-ga939a68 (webtiles) character file.

86 Zhenya25pyc the Skirmisher (level 4, 0/29 HPs)
             Began as a Gargoyle Fighter on Apr 18, 2016.
             Slain by a hobgoblin
             ... wielding a +0 club
             ... led by Robin
              (1 damage)
             ... on level 3 of the Dungeon.
             The game lasted 00:03:56 (1549 turns).

Zhenya25pyc the Skirmisher (Gargoyle Fighter)       Turns: 1549, Time: 00:03:57

Health: 0/29       AC: 11    Str: 20    XL:     4   Next: 50%
Magic:  4/4        EV:  7    Int:  9    God:
Gold:   86         SH:  9    Dex:  9    Spells: 0 memorised, 3 levels left

rFire  . . .     SeeInvis .     a - +0 flail
rCold  . . .     Gourm    .     b - +0 scale mail
rNeg   + . .     Faith    .     c - +0 shield
rPois  ∞         Spirit   .     n - +0 helmet (curse)
rElec  +         Dismiss  .     (no cloak)
rCorr  .         Reflect  .     (no gloves)
SustAt .         Harm     .     (no boots)
MR     .....                    (no amulet)
Stlth  ..........               (no ring)
                                (no ring)

@: not resistant to hostile enchantments, extremely unstealthy
A: negative energy resistance 1, electricity resistance, unbreathing,
petrification resistance, rot immunity, AC +3
a: no special abilities


You were on level 3 of the Dungeon.
You were very hungry.

You visited 1 branch of the dungeon, and saw 3 of its levels.

You collected 86 gold pieces.

Inventory:

Hand Weapons
 a - a +0 flail (weapon)
Armour
 b - a +0 scale mail (worn)
 c - a +0 shield (worn)
 n - a cursed +0 helmet (worn)
Scrolls
 g - a scroll of fog {unknown}
 i - a scroll of amnesia {unknown}
 j - a scroll of blinking {unknown}
 k - 2 scrolls of enchant weapon {unknown}
 l - a scroll of identify {unknown}
Potions
 d - a potion of might
 e - 3 potions of degeneration {unknown}
 m - 2 potions of curing {unknown}
 o - a potion of heal wounds {unknown}
Comestibles
 f - 2 bread rations
 h - a slice of pizza
 p - a chunk of flesh


   Skills:
 + Level 3.9 Fighting
 * Level 3.6 Maces & Flails
 + Level 3.9 Armour
 - Level 3.2 Shields


You had 3 spell levels left.
You didn't know any spells.

Dungeon Overview and Level Annotations

Branches:
Dungeon (3/15)

Altars:
Fedhas
Trog

Annotations:
D:3 Robin, Terence


Innate Abilities, Weirdness & Mutations

You are resistant to torment.
Your stone body is resilient (AC +3).
You are immune to poison.
You resist negative energy.
You are resistant to electric shocks.
You can survive without breathing.
You are immune to petrification.
You are immune to rotting.


Message History

The goblin barely misses you. You block the goblin's attack.
The goblin hits you with a dagger of freezing.
The goblin freezes you.
The goblin shoots a stone.
The stone hits you but does no damage. The goblin hits you but does no damage.
The hobgoblin hits you with a club.
* * * LOW HITPOINT WARNING * * *
The goblin hits you with a dagger.
* * * LOW HITPOINT WARNING * * *
A hobgoblin comes into view. It is wielding a club.
You closely miss the goblin.
The hobgoblin shouts!
The goblin hits you but does no damage. x2; You block the hobgoblin's attack.
The goblin barely misses you. x2
You hit the goblin but do no damage.
The goblin unwields an uncursed hunting sling.
The goblin wields an uncursed club.
The goblin hits you with an uncursed club.
* * * LOW HITPOINT WARNING * * *
The goblin hits you but does no damage. x2; The hobgoblin hits you with a club.
You die...

.. #..........
#. ##...#......
#.##....#......
#.)..<.........
#.#..##.#......
#.).###.# .....
#.(.# #.# ...?
#.gg###.. ...
#.#@g###.. ..
#.g#gl# .## #
#.. #gg..# #.#
@.g## #. ..g#
#. .... #. ..#.
#..


You could see Terence, Robin, a giant gecko, 2 hobgoblins and 6 goblins.

Vanquished Creatures
  2 adders (D:2)
  3 oozes
  A worm (D:2)
  3 dart slugs
  A giant gecko (D:1)
  A giant cockroach (D:1)
  7 hobgoblins
  6 jackals
  7 kobolds
  2 bats
  3 goblins
  9 rats
45 creatures vanquished.

Notes
Turn   | Place    | Note
--------------------------------------------------------------
     0 | D:1      | Zhenya25pyc the Gargoyle Fighter began the quest for the Orb.
     0 | D:1      | Reached XP level 1. HP: 14/14 MP: 1/1
    41 | D:1      | Reached XP level 2. HP: 19/19 MP: 2/2
   409 | D:1      | Reached XP level 3. HP: 21/23 MP: 3/3
   769 | D:2      | Reached XP level 4. HP: 21/29 MP: 4/4
  1096 | D:2      | Found a bloodstained altar of Trog.
  1163 | D:2      | Found a blossoming altar of Fedhas.
  1542 | D:3      | Noticed Robin
  1543 | D:3      | Noticed Terence
  1549 | D:3      | HP: 1/29 [goblin/uncursed club[Robin] (3)]
  1549 | D:3      | Slain by a hobgoblin

Vault maps used:
D:1:      dpeg_arrival_line_fractal, minmay_misc_feat_tower
D:2:      lemuel_doored_altar, lemuel_round_altar
D:3:      forest_paths, ashenzari_altar_1, uniq_robin, uniq_terence,
          uniq_natasha, uniq_iyjb

Skill      XL: |  1  2  3 |
---------------+----------+-----
Maces & Flails | 3 |  3.6
Fighting       | |  3.9
Armour         | |  3.9
Shields        | |  3.2

Action                   |  1- 3 |  4- 6 || total
-------------------------+-------+-------++-------
Melee: Flail             |   112 |    57 ||   169
  Eat: Chunk             |       |     1 ||     1
Armor: Scale mail        |    73 |    32 ||   105
Dodge: Dodged            |    56 |    23 ||    79
Block: Shield            |    65 |    35 ||   100
